 Dungeon Crawl Stone Soup version 0.18.1-6-gd335043 (webtiles) character file.

2267 shmeve the Cleaver (level 9, -3/83 HPs)
             Began as a Minotaur Berserker on May 19, 2016.
             Was a Priest of Trog.
             Slain by a killer bee (7 damage)
             ... on level 6 of the Dungeon.
             The game lasted 00:11:25 (5443 turns).

shmeve the Cleaver (Minotaur Berserker)             Turns: 5443, Time: 00:11:27

Health: -3/83      AC:  3    Str: 25    XL:     9   Next: 16%
Magic:  8/8        EV: 13    Int:  5    God:    Trog [***...]
Gold:   211        SH:  0    Dex:  9    Spells: 0 memorised, 8 levels left

rFire  . . .     SeeInvis .     D - +2 war axe (curse)
rCold  . . .     Gourm    .     (no armour)
rNeg   . . .     Faith    .     (no shield)
rPois  .         Spirit   .     (helmet restricted)
rElec  .         Dismiss  .     r - +0 cloak
rCorr  .         Reflect  .     x - +0 pair of gloves
SustAt .         Harm     .     f - +0 pair of boots
MR     +....                    (no amulet)
Stlth  +.........               (no ring)
                                t - ring of protection from magic

@: lethally poisoned (-3 -> -4), exhausted, slowed, drained, very slow, somewhat
resistant to hostile enchantments, very unstealthy
A: retaliatory headbutt, horns 2
a: Berserk, Trog's Hand, Burn Spellbooks, Renounce Religion


You were on level 6 of the Dungeon.
You worshipped Trog.
Trog was most pleased with you.
You were hungry.

You visited 1 branch of the dungeon, and saw 6 of its levels.

You collected 211 gold pieces.

Inventory:

Hand Weapons
 D - a cursed +2 war axe (weapon)
Armour
 b - a +0 animal skin
 f - a +0 pair of boots (worn)
 r - a +0 cloak (worn)
 x - a +0 pair of gloves (worn)
 C - a +0 chain mail
Jewellery
 t - a ring of protection from magic (left hand)
 A - an uncursed ring of ice {unknown}
Wands
 z - a wand of acid (4/15)
Scrolls
 g - 2 scrolls of blinking {unknown}
 j - 2 scrolls of enchant weapon {unknown}
 k - 2 scrolls of teleportation {unknown}
 l - 4 scrolls of recharging {unknown}
 m - 2 scrolls of random uselessness {unknown}
 n - 2 scrolls of immolation {unknown}
 p - 4 scrolls of remove curse {unknown}
 q - 2 scrolls of magic mapping {unknown}
 s - 8 scrolls of identify {unknown}
 y - a scroll of amnesia {unknown}
 B - a scroll of enchant armour {unknown}
Potions
 d - a potion of flight {unknown}
 e - 2 potions of curing
 i - 2 potions of heal wounds {unknown}
 o - 2 potions of degeneration {unknown}
 u - a potion of berserk rage {unknown}
 v - 2 potions of agility {unknown}
 w - a potion of haste {unknown}
Comestibles
 c - 5 bread rations
 h - 6 meat rations


   Skills:
 * Level 9.2 Fighting
 * Level 9.3(9.2) Axes
 + Level 6.3 Armour
 + Level 5.7 Dodging


You had 8 spell levels left.
You didn't know any spells.

Dungeon Overview and Level Annotations

Branches:
Dungeon (6/15)
 Temple: D:4-7

Altars:
Ashenzari
Cheibriados
Dithmenos
Fedhas
Makhleb
Ru
Vehumet

Shops:
D:6 :


Innate Abilities, Weirdness & Mutations

You reflexively headbutt those who attack you in melee.
You have a pair of horns on your head.


Message History

* * * LOW HITPOINT WARNING * * *
You start putting on your armour.
You continue putting on your chain mail.
You feel sick. The killer bee stings you!
* * * LOW HITPOINT WARNING * * *
The killer bee stings you.
* * * LOW HITPOINT WARNING * * *
The killer bee misses you.
You continue putting on your chain mail.
You feel sick. The killer bee barely misses you.
The killer bee stings you but does no damage.
The killer bee misses you.
You continue putting on your chain mail.
The killer bee barely misses you. x2; The killer bee stings you.
* * * LOW HITPOINT WARNING * * *
You continue putting on your chain mail.
You feel sick. The killer bee stings you.
* * * LOW HITPOINT WARNING * * *
The killer bee stings you!
You die...

##############
#@.)..†......#
#.####y##########.#
#.............
######.####... #.#
#.# #)# .. #.# ..
#####.#####.#


You could see a killer bee.

Vanquished Creatures
  Pikel (D:5)
  A sky beast (D:5)
  4 slaves (D:5)
  An ice beast (D:5)
  A phantom (D:5)
  An ogre (D:5)
  2 centaurs (D:5)
  A giant frog (D:6)
  A water moccasin zombie (D:6)
  A scorpion (D:4)
  3 killer bees (D:6)
  5 wights (D:6)
  A howler monkey (D:4)
  A crimson imp (D:5)
  A jelly (D:5)
  2 orc priests (D:6)
  2 hounds (D:4)
  2 orc wizards
  An iguana (D:5)
  Natasha (D:3)
  7 worker ants
  A hound zombie (D:5)
  6 adders
  15 gnolls
  An ooze (D:4)
  4 worms
  2 dart slugs
  2 giant geckos
  10 orcs
  A giant cockroach (D:4)
  7 goblins
  3 hobgoblins
  2 jackals (D:2)
  4 kobolds
  3 quokkas
  A ball python (D:6)
  5 bats
  4 giant newts
  A jackal skeleton (D:5)
  A quokka skeleton (D:5)
  5 rats
118 creatures vanquished.

Notes
Turn   | Place    | Note
--------------------------------------------------------------
     0 | D:1      | shmeve the Minotaur Berserker began the quest for the Orb.
     0 | D:1      | Reached XP level 1. HP: 19/19 MP: 0/0
   351 | D:1      | Reached XP level 2. HP: 21/27 MP: 1/1
   994 | D:2      | Found a shadowy altar of Dithmenos.
  1119 | D:2      | Reached XP level 3. HP: 33/33 MP: 2/2
  1183 | D:2      | Found a radiant altar of Vehumet.
  1187 | D:2      | Reached ** piety under Trog
  1419 | D:2      | Found a snail-covered altar of Cheibriados.
  1446 | D:2      | Reached XP level 4. HP: 38/41 MP: 3/3
  1963 | D:3      | Noticed Natasha
  1977 | D:3      | Killed Natasha
  2473 | D:3      | Found a sacrificial altar of Ru.
  2521 | D:4      | Reached XP level 5. HP: 47/47 MP: 4/4
  2529 | D:4      | Reached skill level 5 in Fighting
  2529 | D:4      | Reached skill level 5 in Axes
  2663 | D:4      | Reached XP level 6. HP: 54/56 MP: 5/5
  3087 | D:4      | Reached *** piety under Trog
  3249 | D:4      | Reached XP level 7. HP: 60/63 MP: 6/6
  3740 | D:5      | Entered Level 5 of the Dungeon
  3971 | D:5      | Noticed Pikel
  3981 | D:5      | Killed Pikel
  3981 | D:5      | Reached skill level 5 in Armour
  3981 | D:5      | Reached XP level 8. HP: 73/73 MP: 7/7
  4079 | D:5      | Reached skill level 5 in Dodging
  4541 | D:5      | Found a blossoming altar of Fedhas.
  4802 | D:5      | Found a burning altar of Makhleb.
  5017 | D:6      | Found a shattered altar of Ashenzari.
  5334 | D:6      | Found Riosurec's Book Boutique.
  5367 | D:6      | Reached XP level 9. HP: 63/83 MP: 8/8
  5443 | D:6      | HP: 4/83 [killer bee (1)]
  5443 | D:6      | Slain by a killer bee

Skill      XL: |  1  2  3  4  5  6  7  8 |
---------------+-------------------------+-----
Fighting       | 4 5 6 7 9 |  9.2
Axes           | 4 5 6 7 9 |  9.3
Armour         | 3 4 5 6 |  6.3
Dodging        | 3 4 5 |  5.7

Action                   |  1- 3 |  4- 6 |  7- 9 || total
-------------------------+-------+-------+-------++-------
Melee: Hand axe          |    49 |   138 |   178 ||   365
       Headbutt          |     6 |    26 |    38 ||    70
Invok: Berserk           |       |     3 |     4 ||     7
       Trog's Hand       |       |     1 |       ||     1
Evoke: Wand              |       |       |     1 ||     1
  Eat: Chunk             |     1 |     9 |     6 ||    16
       Meat ration       |       |       |     1 ||     1
Armor: Animal skin       |    12 |    30 |    38 ||    80
       Skin              |       |       |     1 ||     1
Dodge: Dodged            |    37 |    81 |   102 ||   220
